 Dungeon Crawl Stone Soup version 0.27-a0-1358-ga0a28fc8c3 (webtiles) character file.

Game seed: 8109864278963733605

128 Delamore the Sneak (level 5, -1/36 HPs)
             Began as an Octopode Brigand on June 28, 2021.
             Slain by an orc wizard (3 damage)
             ... on level 3 of the Dungeon.
             The game lasted 00:02:22 (2435 turns).

Delamore the Sneak (Octopode Brigand)               Turns: 2435, Time: 00:02:22

Health: -1/36      AC:  1    Str:  8 (10) XL:     5   Next: 12%
Magic:  5/5        EV: 12    Int: 10 (13) God:
Gold:   49         SH:  0    Dex: 13 (15) Spells: 4/4 levels left

rFire    . . .     SeeInvis .   a - +2 dagger
rCold    . . .     Faith    .   (no shield)
rNeg     . . .     Spirit   .   (helmet restricted)
rPois    .         Reflect  .   (no amulet)
rElec    .         Harm     .   (no ring)
rCorr    .         Rampage  .   (no ring)
Will     .....                  (no ring)
Stlth    ++........             (no ring)
HPRegen  0.12/turn              (no ring)
MPRegen  0.09/turn              (no ring)
                                (no ring)
                                (no ring)

@: confused, lethally poisoned (-1 -> -20), flying (expiring)
A: almost no armour, amphibious, 8 rings, camouflage 1, gelatinous body 1,
(nimble swimmer 1), tentacles
a: no special abilities


You were on level 3 of the Dungeon.
You visited 1 branch of the dungeon, and saw 3 of its levels.

You collected 49 gold pieces.

Inventory:

Hand Weapons
 a - a +2 dagger (weapon)
Missiles
 b - 7 poisoned darts (quivered)
 k - a throwing net
Armour
 f - a +0 buckler
Scrolls
 g - a scroll of noise
Potions
 d - a potion of invisibility


   Skills:
 + Level 3.3 Fighting
 + Level 3.3 Short Blades
 - Level 2.0 Throwing
 - Level 1.0 Dodging
 + Level 6.6 Stealth


You had 4 spell levels left.
You didn't know any spells.
Your spell library contained the following spells:

 Spells                   Type           Power      Damage    Failure   Level
 Magic Dart               Conj           0%         1d3       36%         1
 Blink                    Tloc           N/A        N/A       50%         2
 Call Imp                 Summ           0%         N/A       50%         2
 Slow                     Hex            0%         N/A       50%         2
 Conjure Flame            Conj/Fire      0%         6-21      75%         3
 Mephitic Cloud           Conj/Pois/Air  0%         N/A       75%         3


Dungeon Overview and Level Annotations

Branches:
Dungeon (3/15)

Altars:
Kikubaaqudgha


Innate Abilities, Weirdness & Mutations

You cannot wear most types of armour.
You are amphibious.
You can wear up to eight rings at the same time.
Your skin changes colour to match your surroundings (Stealth+).
Your rubbery body absorbs attacks. (AC +1, EV +1)
((You are camouflaged near water. (Stealth+)))
You have tentacles for arms and can constrict up to eight enemies at once.


Message History

You squeeze the orc wizard.
The orc wizard is almost dead.
You constrict the orc wizard, but do no damage.
* * * LOW HITPOINT WARNING * * *
You feel sick. Something hits you.
* * * LOW HITPOINT WARNING * * *
The orc wizard gestures at you while chanting.
You resist with some effort.
You feel much better.
You constrict the orc wizard.
You kill the orc wizard!
You feel sick.
You hear some strange, mumbled words.
You are confused.
You feel your strength returning.
You have reached level 5!
You feel agile.
You completely miss something. Your squeeze misses something.
You feel sick.
You completely miss something.
You feel sick. Something hits you.
You miss something. Your squeeze misses something.
You feel sick. The orc hits you with a +0 flail.
You closely miss the orc. You squeeze the orc, but do no damage.
You feel sick. Something hits you.
You are more poisoned.
The orc hits you with a +0 flail.
You're too confused to move!
* * * LOW HITPOINT WARNING * * *
You feel very sick.
An orc wizard appears from thin air!
Reactivating autopickup.
The orc wizard hits you with a +1 dagger of venom.
* * * LOW HITPOINT WARNING * * *
You are more poisoned.
The orc closely misses you.
You closely miss the orc wizard.
The orc wizard is lightly wounded.
You are starting to lose your buoyancy.
* * * LOW HITPOINT WARNING * * *
You feel very sick.
The orc wizard hits you with a +1 dagger of venom.
You die...

#+# #.# .. #.#
#######....
#@######..........
#oo...('..(#.#...
############...'...
#..........)...#.#.#
#.##...........#.#
#.##.####......# #
#.##.#.##......#
#.##.#.........#
#.##.#.#####.....


You could see an orc wizard and an orc.

Vanquished Creatures
  An orc wizard (D:3)
  2 adders
  3 gnolls (D:2)
  A worm (D:2)
  5 dart slugs (D:1)
  2 orcs (D:3)
  A ball python (D:1)
  4 endoplasms
  3 giant cockroaches (D:1)
  2 goblins
  2 hobgoblins
  3 jackals (D:2)
  4 frilled lizards
  5 kobolds
  6 rats
44 creatures vanquished.

Notes
Turn   | Place    | Note
-------+----------+-------------------------------------------
     0 | D:1      | Delamore the Octopode Brigand began the quest for the Orb.
     0 | D:1      | Reached XP level 1. HP: 14/14 MP: 1/1
   419 | D:1      | Reached XP level 2. HP: 19/19 MP: 2/2
  1006 | D:1      | Reached XP level 3. HP: 21/25 MP: 3/3
  1320 | D:2      | Found an ancient bone altar of Kikubaaqudgha.
  1330 | D:2      | Reached skill level 6 in Stealth
  1880 | D:2      | Reached XP level 4. HP: 30/30 MP: 4/4
  2411 | D:3      | HP: 1/31 [orc (7)]
  2430 | D:3      | Reached XP level 5. HP: 28/36 MP: 5/5
  2435 | D:3      | Slain by an orc wizard

Illustrated notes

Levels and vault maps discovered:
D:1:      tarquinn_simple_flora_water_d, layout_rooms, serial_co_window_serial,
          co_window_corner_a, co_window_corner_a, co_window_paths_b,
          co_window_of_opportunity_a, co_window_corner_a,
          co_window_of_opportunity_a, co_window_paths_a,
          co_window_of_opportunity_b, co_window_corner_ca, co_window_cross_4,
          co_window_corner_b, co_window_paths_c, glass_columns_a,
          glass_columns_c
D:2:      layout_loops_ring, basic_altar, minmay_diced_spiral
D:3:      layout_basic, lemuel_tele_altar, lightli_sewer_entry_pipes,
          st_stairs_8

Skill      XL: |  1  2  3  4 |
---------------+-------------+-----
Stealth        | 6 |  6.6
Fighting       | 3 |  3.3
Short Blades   | 3 |  3.3
Throwing       | |  2.0
Dodging        | |  1.0

Action                   |  1- 3 |  4- 6 || total
-------------------------+-------+-------++-------
Melee: Dagger            |    65 |    27 ||    92
       Constrict         |    14 |     6 ||    20
       Tentacles         |    10 |     7 ||    17
Throw: Dart              |       |     3 ||     3
  Use: Scroll            |     4 |     1 ||     5
       Potion            |       |     4 ||     4
 Stab: Sleeping          |    15 |     3 ||    18
Armor: Skin              |     5 |       ||     5
Dodge: Dodged            |    35 |    15 ||    50

Table legend: (Time is in decaauts)
 A = Elapsed time spent in this place.
 B = Non-inter-level travel time spent in this place.
 C = Inter-level travel time spent in this place.
 D = Time resting spent in this place.
 E = Time spent auto-exploring this place.
 F = Levels seen in this place.
 G = Mean time per level.
                   A        B        C        D        E       F      G
               +--------+--------+--------+--------+--------+-----+--------+
         Total |   2421 |   2314 |    107 |    423 |   1570 |   3 |  807.0 |
       Dungeon |   2421 |   2314 |    107 |    423 |   1570 |   3 |  807.0 |
               +--------+--------+--------+--------+--------+-----+--------+

Top non-repeatable levels by time:
     D:1: 1230 daAuts
     D:2: 1083 daAuts
     D:3: 107 daAuts
